 Dungeon Crawl Stone Soup version 0.30-a0-748-ge6a52f7cba (webtiles) character file.

Game seed: 8842248679925438861

10875 Iich the Severer (level 11, -2/107 HPs)
             Began as a Minotaur Fighter on Feb 8, 2023.
             Was an Initiate of Gozag.
             Slain by a hornet (12 damage)
             ... on level 9 of the Dungeon.
             The game lasted 00:19:02 (10563 turns).

Iich the Severer (Minotaur Fighter)                Turns: 10563, Time: 00:19:03

Health: -2/107     AC: 13    Str: 30    XL:     11   Next: 41%
Magic:  10/10      EV:  8    Int:  3    God:    Gozag
Gold:   935        SH: 11    Dex: 23    Spells: 10/10 levels left

rFire   . . .      SeeInvis .    a - +0 war axe (vamp)
rCold   . . .      Faith    .    c - +0 buckler
rNeg    . . .      Spirit   .    e - +0 chain mail
rPois   .          Reflect  +    L - +0 hat
rElec   .          Harm     .    F - +1 cloak
rCorr   .          Rampage  .    (no gloves)
Will    .....                    m - +1 pair of boots Stlth
                                 o - amulet of reflection
HPRegen 0.37/turn                g - +6 ring of dexterity
MPRegen 0.12/turn                t - +6 ring of strength

@: gold aura, slowed, very slow
A: horns 2, retaliatory headbutt, agile 1, sense surroundings 1, strong 1
a: Renounce Religion, Potion Petition, Call Merchant, Bribe Branch


You were on level 9 of the Dungeon.
You worshipped Gozag.
Gozag was pleased with you.
You visited 2 branches of the dungeon, and saw 10 of its levels.

You collected 1123 gold pieces.
You spent 60 gold pieces at shops.
You paid 128 gold pieces to Gozag.

Inventory:

Hand Weapons
 a - a +0 vampiric war axe (weapon)
Missiles
 r - 3 curare-tipped darts (quivered)
Armour
 b - a +0 scale mail
 c - a +0 buckler (worn)
 e - a +0 chain mail (worn)
 m - a +1 pair of boots (worn)
 B - a scarf of repulsion
 F - a +1 cloak (worn)
 L - a +0 hat (worn)
Jewellery
 g - a +6 ring of dexterity (left hand)
 h - a ring of see invisible
 o - an amulet of reflection (around neck)
 t - a +6 ring of strength (right hand)
 y - a ring of wizardry
 I - a +6 ring of strength
 Q - a ring of magical power
Wands
 w - a wand of charming (9)
 J - a wand of roots (1)
 O - a wand of flame (7)
Scrolls
 l - 4 scrolls of fog
 n - a scroll of immolation
 q - 2 scrolls of fear
 s - a scroll of vulnerability
 C - 4 scrolls of teleportation
 G - a scroll of enchant weapon
 H - 2 scrolls of amnesia
 N - a scroll of magic mapping
 P - a scroll of brand weapon
Potions
 d - 3 potions of might
 f - a potion of ambrosia
 i - 2 potions of invisibility
 j - a potion of degeneration {unknown}
 k - a potion of attraction {unknown}
 p - a potion of magic
 u - a potion of mutation
 v - a potion of lignification
 x - 2 potions of haste
 z - 2 potions of berserk rage
 A - a potion of brilliance
 D - a potion of curing
 E - 2 potions of flight
 K - a potion of cancellation
 M - a potion of resistance {unknown}
 R - 2 potions of heal wounds


   Skills:
 + Level 13.0 Fighting
 * Level 17.4 Axes
 - Level 3.6 Armour
 - Level 3.6 Shields


You had 10 spell levels left.
You didn't know any spells.
Your spell library contained the following spells:

 Spells                   Type           Power      Damage    Failure   Level
 Apportation              Tloc           0%         N/A       99%         1
 Necrotise                Necr           0%         1d4       99%         1
 Summon Small Mammal      Summ           0%         N/A       99%         1
 Frozen Ramparts          Ice            0%         1d1       100%        3
 Ice Form                 Ice/Tmut       0%         N/A       100%        4
 Summon Ice Beast         Ice/Summ       0%         N/A       100%        4


Dungeon Overview and Level Annotations

Branches:
Dungeon (9/15)             Temple (1/1) D:7            Lair (0/5) D:9
    Orc: D:9-12

Altars:
Ashenzari
Cheibriados
Fedhas
Gozag
Hepliaklqana
Kikubaaqudgha
Makhleb
Okawaru
Ru
Sif Muna
Trog
Vehumet
Xom
Yredelemnul
The Shining One

Shops:
D:4 *:!!:

Annotations:
D:7 3 runed translucent doors, drewk1942's ghost, novice GrEE


Innate Abilities, Weirdness & Mutations

You have a pair of horns on your head.
You reflexively headbutt those who attack you in melee.
You are agile. (Dex +4, Str/Int -1)
You passively map a small area around you.
Your muscles are strong. (Str +4, Int/Dex -1)


Message History

The yak is no longer distracted by gold.
The hornet stings you.
* * * LOW HITPOINT WARNING * * *
You feel yourself slow down. The hornet stings you.
* * * LOW HITPOINT WARNING * * *
You feel as though you will be slow longer.
The yak gores you!
* * * LOW HITPOINT WARNING * * *
The orc warrior hits you from afar with a +0 glaive.
* * * LOW HITPOINT WARNING * * *
The troll bites you but does no damage. The troll claws you.
* * * LOW HITPOINT WARNING * * *
The troll claws you.
* * * LOW HITPOINT WARNING * * *
The manticore bites you.
* * * LOW HITPOINT WARNING * * *
The manticore claws you but does no damage. x2
The hornet stings you but does no damage.
The troll bites you.
* * * LOW HITPOINT WARNING * * *
The troll claws you but does no damage. The troll barely misses you.
The yak gores you but does no damage.
The orc warrior is distracted by your dazzling golden aura.
The manticore bites you but does no damage.
The manticore claws you but does no damage.
The manticore claws you!
* * * LOW HITPOINT WARNING * * *
You can move again.
You feel much better. You block the hornet's attack.
The hornet closely misses you. The yak gores you!
* * * LOW HITPOINT WARNING * * *
The troll bites you!
* * * LOW HITPOINT WARNING * * *
The troll claws you.
* * * LOW HITPOINT WARNING * * *
You block the troll's attack.
The manticore bites you but does no damage.
You block the manticore's attack. x2; The hornet stings you!
You die...
Your body crumbles into a pile of gold.

.....#.#####.#.....~PP~♣♣♣~PP~...
######.# #.#.......~PP~≈≈♣~~P~P
######.# #.#.......P~.P~≈♣♣≈~~~
.....#.#####...###....#.~P.~~~~♣~
.....#.........#⌠#...##...~...~.~
.....######..###.###.##..#####...
.............#)....#.....#####...
..#####....###:.T..###...........
~.....#....#⌠.o$@y..⌠#...........
~♣....#....###)$HY}###...........
~.....#......#?.$.$#.............
~....P...###.###.###.............
.♣.............#⌠#...............
...............###.##............
......♣.♣.[........##............
...................##............
...................##...#######..


You could see a manticore, a yak, a troll, a hornet and an orc warrior
(unaware).

Vanquished Creatures
  Gastronok (D:8)
  Erolcha (D:9)
  A two-headed ogre (D:8)
  Erica (D:8)
  Pikel (D:8)
  A rust devil (D:9)
  Joseph (D:7)
  Maggie (D:6)
  Psyche (D:9)
  Prince Ribbit (D:7)
  3 wyverns
  A wraith (D:9)
  12 yaks
  3 wargs (D:9)
  Duvessa (D:7)
  5 water moccasins
  An orc warrior (D:9)
  4 centaurs
  3 ogres
  A phantom (D:6)
  2 lemures (D:8)
  4 kobold brigands
  A necrophage (D:3)
  4 bullfrogs
  8 wights
  Dowan (D:7)
  4 killer bees (D:8)
  3 electric eels (D:9)
  A howler monkey (D:9)
  2 hounds
  2 quasits (D:9)
  Crazy Yiuf (D:6)
  5 jellies
  2 gnoll boudas
  2 iguanas
  6 orc wizards
  12 gnolls
  3 adders
  3 shadow imps
  An ufetubus (D:5)
  2 worms
  3 dart slugs
  9 orcs
  9 ball pythons
  2 bats
  11 endoplasms
  3 giant cockroaches
  9 goblins
  7 hobgoblins
  4 jackals (D:4)
  4 quokkas
  A frilled lizard (D:1)
  25 kobolds
  5 rats
205 creatures vanquished.

Vanquished Creatures (collateral kills)
  An orc (D:4)
  A quokka (D:4)
2 creatures vanquished.

Vanquished Creatures (others)
  A shadow imp (D:3)
  A dart slug (D:4)
  2 orcs (D:9)
  A ball python (D:4)
  A kobold (D:9)
  5 demonic plants (D:9)
  32 plants
43 creatures vanquished.

Grand Total: 250 creatures vanquished

Notes
Turn   | Place    | Note
-------+----------+-------------------------------------------
     0 | D:1      | Iich the Minotaur Fighter began the quest for the Orb.
     0 | D:1      | Reached XP level 1. HP: 19/19 MP: 0/0
    83 | D:1      | Reached skill level 3 in Axes
   139 | D:1      | Reached XP level 2. HP: 27/27 MP: 1/1
   882 | D:2      | Reached XP level 3. HP: 33/33 MP: 2/2
  1118 | D:2      | Reached skill level 4 in Axes
  1747 | D:3      | Found a transporter.
  1752 | D:3      | Found a transporter.
  1975 | D:3      | Reached XP level 4. HP: 41/41 MP: 3/3
  2091 | D:3      | Noticed a necrophage
  2097 | D:3      | Killed a necrophage
  2098 | D:3      | Reached skill level 5 in Fighting
  2098 | D:3      | Reached skill level 5 in Axes
  2098 | D:3      | Reached XP level 5. HP: 48/48 MP: 4/4
  2714 | D:4      | Found Nephafeg's Distillery.
  2726 | D:4      | Found Wetef's Distillery.
  2765 | D:4      | Found Wes Umar's Book Emporium.
  2768 | D:4      | Bought a potion of berserk rage for 60 gold pieces
  2828 | D:4      | Found Gyurreuck's Book Shoppe.
  2934 | D:4      | Reached skill level 6 in Axes
  3014 | D:4      | Noticed an ogre
  3024 | D:4      | HP: 1/48 [dart slug/slug dart (5)]
  3065 | D:4      | Killed an ogre
  3066 | D:4      | Reached XP level 6. HP: 16/57 MP: 5/5
  3238 | D:4      | Found Lysmuproju's General Store.
  3467 | D:5      | Entered Level 5 of the Dungeon
  3671 | D:5      | Reached skill level 7 in Axes
  3706 | D:5      | Reached XP level 7. HP: 54/63 MP: 6/6
  3780 | D:5      | Reached skill level 8 in Axes
  4346 | D:6      | Reached skill level 9 in Axes
  4421 | D:6      | Found a shimmering altar of Xom.
  4556 | D:6      | Reached XP level 8. HP: 40/73 MP: 7/7
  4805 | D:6      | Found a sacrificial altar of Ru.
  4805 | D:6      | Found a broken altar of Ashenzari.
  4805 | D:6      | Found a bloodstained altar of Trog.
  4805 | D:6      | Found a basalt altar of Yredelemnul.
  4805 | D:6      | Noticed Maggie
  4819 | D:6      | Killed Maggie
  4820 | D:6      | Reached skill level 10 in Axes
  5339 | D:6      | Found a runed translucent door.
  5340 | D:6      | Noticed Crazy Yiuf
  5383 | D:6      | Found a hazy altar of Hepliaklqana.
  5383 | D:6      | Found a radiant altar of Vehumet.
  5563 | D:6      | Killed Crazy Yiuf
  5643 | D:7      | Reached skill level 11 in Axes
  6142 | D:7      | Noticed Prince Ribbit
  6145 | D:7      | Killed Prince Ribbit
  6146 | D:7      | Reached XP level 9. HP: 57/83 MP: 8/8
  6207 | D:7      | Reached skill level 12 in Axes
  6418 | D:7      | Found a runed translucent gate.
  6419 | D:7      | Found a runed translucent gate.
  6420 | D:7      | Found a runed translucent gate.
  6424 | D:7      | Noticed Joseph
  6436 | D:7      | Killed Joseph
  6585 | D:7      | Gained mutation: Your muscles are strong. (Str +4, Int/Dex
                  | -1) [potion of mutation]
  6585 | D:7      | Gained mutation: You passively map a small area around you.
                  | [potion of mutation]
  6585 | D:7      | Gained mutation: You are agile. (Dex +4, Str/Int -1)
                  | [potion of mutation]
  6709 | D:7      | Noticed drewk1942's ghost (novice GrEE)
  6738 | D:7      | Found a staircase to the Ecumenical Temple.
  6750 | D:7      | Reached skill level 13 in Axes
  6753 | D:7      | Reached skill level 10 in Fighting
  6758 | Temple   | Entered the Ecumenical Temple
  6877 | Temple   | Became a worshipper of Gozag Ym Sagoz the Greedy
  7215 | D:7      | Noticed Duvessa
  7215 | D:7      | Noticed Dowan
  7229 | D:7      | Killed Duvessa
  7231 | D:7      | Killed Dowan
  7446 | D:8      | Noticed a two-headed ogre
  7455 | D:8      | Killed a two-headed ogre
  7456 | D:8      | Reached skill level 14 in Axes
  7456 | D:8      | Reached XP level 10. HP: 30/94 MP: 9/9
  7712 | D:8      | Noticed Erica
  7745 | D:8      | Killed Erica
  7760 | D:8      | Noticed Gastronok
  8242 | D:8      | Noticed Pikel
  8353 | D:8      | Killed Gastronok
  8354 | D:8      | Reached skill level 15 in Axes
  8399 | D:8      | Found an ancient bone altar of Kikubaaqudgha.
  8416 | D:8      | Killed Pikel
  8644 | D:8      | Reached skill level 16 in Axes
  9064 | D:9      | Noticed a manticore
  9154 | D:9      | Noticed Psyche
  9168 | D:9      | Reached XP level 11. HP: 75/104 MP: 10/10
  9173 | D:9      | Found a staircase to the Lair.
  9177 | D:9      | Killed Psyche
  9974 | D:9      | Reached skill level 17 in Axes
 10131 | D:9      | Noticed Erolcha
 10142 | D:9      | Killed Erolcha
 10560 | D:9      | Paralysed by a hornet for 3 turns
 10563 | D:9      | Slain by a hornet

Illustrated notes

Levels and vault maps discovered:
D:1:      ncdulo_halloftheorcs, layout_loops_ring
D:2:      kennysheep_big_flooded_room, layout_rooms, serial_co_window_serial,
          co_window_paths_a, co_window_paths_a, co_window_paths_b,
          co_window_cross_1, co_window_corner_a, co_window_corner_b,
          co_window_of_opportunity_b, co_window_of_opportunity_c,
          co_window_of_opportunity_b, co_window_broadway_b, co_window_4corner_a,
          glass_columns_b
D:3:      gammafunk_wand_slinger, layout_basic
D:4:      layout_cave_pools, serial_shops, shop, shop_statue,
          nicolae_diamond_shop, shop, shop, minivault_4,
          minmay_misc_feat_more_columns
D:5:      layout_loops_cross, minmay_misc_feat_iff
D:6:      layout_cave_pods, minmay_overflow_temple_hex,
          mainiacjoe_overflow_concentric_impassable,
          chequers_serial_rivers_large_b, minmay_crystal_water, uniq_maggie,
          uniq_crazy_yiuf_cottage
D:7:      layout_gridville, minmay_temple_entry_metal_lava,
          gammafunk_ghost_necromancy, uniq_duvessa, uniq_joseph,
          uniq_prince_ribbit1
D:8:      layout_basic, nicolae_overflow_hidden_temple, hangedman_glass_garden,
          uniq_gastronok, uniq_pikel, uniq_erica
D:9:      layout_stronghold, erik_lair_orcish_takeover, serial_demonic,
          serial_demonic_f, serial_demonic_b, serial_demonic_f,
          serial_demonic_c, serial_bayou_lagoon_a, nicolae_fountain_basement,
          uniq_psyche, uniq_erolcha
Temple:   minmay_temple_curvy_branch

Skill      XL: |  1  2  3  4  5  6  7  8  9 10 11 |
---------------+----------------------------------+-----
Axes           | 3 4 5 6 7 9 11 14 16 17 | 17.4
Fighting       | 4 5 6 7 9 10 12 13 | 13.0
Armour         | |  3.6
Shields        | |  3.6

Action                     |  1- 3 |  4- 6 |  7- 9 | 10-12 || total
---------------------------+-------+-------+-------+-------++-------
  Melee: War axe           |    73 |    60 |   151 |   208 ||   492
         Headbutt          |     9 |     8 |    32 |    53 ||   102
  Evoke: Wand              |       |     6 |       |     3 ||     9
    Use: Scroll            |     2 |     8 |     2 |     7 ||    19
         Potion            |       |     6 |     3 |     3 ||    12
   Stab: Distracted        |       |       |       |     3 ||     3
 Armour: Scale mail        |    10 |       |       |       ||    10
         Chain mail        |    41 |    31 |    49 |   100 ||   221
  Dodge: Dodged            |    31 |    27 |    56 |    59 ||   173
  Block: Buckler           |    11 |    15 |    72 |   108 ||   206
         Reflection        |       |     2 |       |     5 ||     7

Table legend: (Time is in decaauts)
 A = Elapsed time spent in this place.
 B = Non-inter-level travel time spent in this place.
 C = Inter-level travel time spent in this place.
 D = Time resting spent in this place.
 E = Time spent auto-exploring this place.
 F = Levels seen in this place.
 G = Mean time per level.
                   A        B        C        D        E       F      G
               +--------+--------+--------+--------+--------+-----+--------+
         Total |  10622 |  10253 |    369 |    715 |   7974 |  10 | 1062.2 |
       Dungeon |  10455 |  10086 |    369 |    715 |   7852 |   9 | 1161.7 |
        Temple |    166 |    166 |      0 |      0 |    122 |   1 |  166.0 |
               +--------+--------+--------+--------+--------+-----+--------+

Top non-repeatable levels by time:
     D:8: 1727 daAuts
     D:7: 1673 daAuts
     D:9: 1367 daAuts
     D:6: 1312 daAuts
     D:3: 1002 daAuts
     D:2: 999 daAuts
     D:5: 869 daAuts
     D:4: 763 daAuts
     D:1: 739 daAuts
  Temple: 166 daAuts
